 Dungeon Crawl Stone Soup version 0.29.0-4-gdea44cf6ec (webtiles) character file.

Game seed: 10494748884424368111

100 qw the Chopper (level 4, 0/26 HPs)
             Began as a Tengu Warper on Aug 28, 2022.
             Succumbed to an orc wizard's poison
             ... on level 3 of the Dungeon.
             The game lasted 00:00:09 (1850 turns).

qw the Chopper (Tengu Warper)                       Turns: 1850, Time: 00:00:10

Health: 0/26       AC:  6    Str: 20    XL:     4   Next: 74%
Magic:  8/8        EV: 11    Int: 13    God:
Gold:   115        SH:  0    Dex: 13    Spells: 7/7 levels left

rFire   . . .      SeeInvis .   Y - +0 hand axe
rCold   . . .      Faith    .   (no shield)
rNeg    . . .      Spirit   .   k - +0 ring mail
rPois   .          Reflect  .   (helmet restricted)
rElec   .          Harm     .   (no cloak)
rCorr   .          Rampage  .   d - +0 pair of gloves
Will    .....                   (boots unavailable)
Stlth   +.........              (no amulet)
HPRegen 0.08/turn               e - +6 ring of strength
MPRegen 0.11/turn               (no ring)

@: lethally poisoned (0 -> -6)
A: beak, talons 3
a: no special abilities


You were on level 3 of the Dungeon.
You visited 1 branch of the dungeon, and saw 3 of its levels.

You collected 115 gold pieces.


Innate Abilities, Weirdness & Mutations

You have a beak for a mouth.
You have claws for feet.


   Skills:
 - Level 2.0 Fighting
 + Level 5.3 Axes
 - Level 1.0 Throwing
 - Level 1.1 Armour
 - Level 2.1 Dodging
 - Level 2.0 Spellcasting
 - Level 2.4 Translocations


You had 7 spell levels left.
You didn't know any spells.
Your spell library contained the following spells:

 Spells                   Type           Power      Damage    Failure   Level
 Blink                    Tloc           14%        N/A       24%         2
 Gell's Gravitas          Tloc           7%         N/A       43%         3
 Lesser Beckoning         Tloc           7%         N/A       43%         3
 Teleport Other           Tloc           7%         N/A       43%         3
 Manifold Assault         Tloc           7%         N/A       99%         5

Inventory:

Hand Weapons
 f - a +0 club
 Y - a +0 hand axe (weapon)
Missiles
 g - 2 boomerangs (quivered)
Armour
 d - a +0 pair of gloves (worn)
 k - a +0 ring mail (worn)
Jewellery
 e - a +6 ring of strength (left hand)
Scrolls
 a - a scroll of identify
Potions
 i - a potion of attraction {unknown}
 j - a potion of lignification {unknown}
 l - a potion of might {unknown}

Dungeon Overview and Level Annotations

Branches:
Dungeon (3/15)

Altars:


Message History

The orc priest mumbles some strange prayers to Beogh against you.
Beogh smites you!
Ouch! That really hurt!
You miss the quokka. Your kick misses the quokka.
The quokka is severely wounded.
You closely miss the orc priest. The quokka misses you.
The orc priest barely misses you.
You closely miss the quokka. You claw the quokka, but do no damage.
The quokka is severely wounded.
You hit the orc priest. The quokka closely misses you.
The orc priest barely misses you.
An orc wizard comes into view. It is wielding a +1 dagger of venom.
You slash the orc priest!
You kill the orc priest!
You closely miss the quokka. The quokka barely misses you.
Your Axes skill increases to level 5!
You hit the quokka but do no damage. You peck the quokka, but do no damage.
The quokka is severely wounded.
The quokka closely misses you. The quokka misses you.
You barely miss the quokka. You claw the quokka.
You kill the quokka!
You hit the orc wizard but do no damage.
The orc wizard gestures at you while chanting.
The puff of flame hits you.
You hit the orc wizard.
The orc wizard is lightly wounded.
The orc wizard hits you with a +1 dagger of venom.
You are lethally poisoned!
You closely miss the orc wizard. You claw the orc wizard.
You peck the orc wizard.
The orc wizard is moderately wounded.
You feel sick. The orc wizard closely misses you.
You hit the orc wizard. You claw the orc wizard.
The orc wizard is almost dead.
You feel sick.
The orc wizard hits you with a +1 dagger of venom.
You hit the orc wizard.
You kill the orc wizard!
You die...

### # ########## ...
.#......... ###
.#......... ..........
###.........
##........... #
#...$.%...... #
###..#.@)...... #
######....#......... #
###...........###.####
###..............# #
#.....###..#####.#
..%.......## ...
...#####..# .(..
..........# ..
#...........


There were no monsters in sight!

Vanquished Creatures
  An orc priest (D:3)
  An orc wizard (D:3)
  An adder (D:3)
  A dart slug (D:2)
  3 ball pythons
  5 bats
  6 endoplasms
  A giant cockroach (D:1)
  6 goblins
  7 hobgoblins
  6 jackals (D:2)
  3 quokkas
  4 frilled lizards
  5 kobolds
  3 rats
53 creatures vanquished.

Notes
Turn   | Place    | Note
-------+----------+-------------------------------------------
     0 | D:1      | qw the Tengu Warper began the quest for the Orb.
     0 | D:1      | Reached XP level 1. HP: 12/12 MP: 4/4
     0 | D:1      | 0 ||| qw: Version: 0.1-a-89-g26bdef1
     0 | D:1      | 0 ||| qw: Game counter: 2761
     0 | D:1      | 0 ||| qw: Always use a shield: true
     0 | D:1      | 0 ||| qw: God list: Okawaru
     0 | D:1      | 0 ||| qw: Allow faded altars: false
     0 | D:1      | 0 ||| qw: Do Orc after D:15 true
     0 | D:1      | 0 ||| qw: Do second Lair branch before Depths: true
     0 | D:1      | 0 ||| qw: Lair rune preference: random
     0 | D:1      | 0 ||| qw: Plans: Normal
     0 | D:1      | 0 ||| PLANNING D:1-11
   279 | D:1      | Reached XP level 2. HP: 17/17 MP: 6/6
   293 | D:1      | Reached skill level 3 in Axes
   364 | D:1      | 364 ||| Stepping ~*~*~tactically~*~*~ (stealth).
   365 | D:1      | 365 ||| Stepping ~*~*~tactically~*~*~ (stealth).
   429 | D:1      | 429 ||| Stepping ~*~*~tactically~*~*~ (stealth).
   434 | D:1      | 434 ||| Stepping ~*~*~tactically~*~*~ (stealth).
   482 | D:1      | 482 ||| Stepping ~*~*~tactically~*~*~ (stealth).
   534 | D:1      | Reached XP level 3. HP: 16/21 MP: 7/7
   774 | D:1      | Found a faded altar of an unknown god.
   860 | D:1      | Reached skill level 4 in Axes
  1069 | D:1      | 1069 ||| UPGRADING to +6 ring of strength.
  1070 | D:1      | 1070 ||| READING 2 scrolls labelled NAM QUTAVEUVUNAS.
  1071 | D:1      | 1071 ||| DROPPING scroll of blinking.
  1106 | D:2      | 1106 ||| STAIRDANCE
  1116 | D:2      | 1116 ||| Stepping ~*~*~tactically~*~*~ (stealth).
  1117 | D:2      | 1117 ||| Stepping ~*~*~tactically~*~*~ (stealth).
  1346 | D:2      | Reached XP level 4. HP: 15/26 MP: 8/8
  1607 | D:2      | 1607 ||| UPGRADING to +0 pair of gloves.
  1612 | D:2      | 1612 ||| UPGRADING to +0 ring mail.
  1622 | D:2      | 1622 ||| DROPPING +0 leather armour.
  1623 | D:2      | 1623 ||| READING 2 scrolls labelled FOROLLI HEGG.
  1624 | D:2      | 1624 ||| READING scroll labelled CECONI ORYCSU.
  1625 | D:2      | 1625 ||| READING scroll labelled CEAMOA PAJIRIA.
  1772 | D:2      | 1772 ||| DROPPING scroll of immolation.
  1845 | D:3      | Reached skill level 5 in Axes
  1848 | D:3      | HP: 6/26 [poisoned by an orc wizard]
  1849 | D:3      | HP: 1/26 [orc wizard/+1 dagger of venom (3)]
  1850 | D:3      | Succumbed to an orc wizard's poison

Levels and vault maps discovered:
D:1:      dpeg_cavernosity, layout_basic, shapermc_ecumenical_altar_petra,
          minmay_heptomino_h4
D:2:      layout_rooms
D:3:      layout_rooms, mainiacjoe_overflow_24_doors

Skill      XL: |  1  2  3  4 |
---------------+-------------+-----
Axes           | 3 4 5 |  5.3
Fighting       | |  2.0
Throwing       | |  1.0
Armour         | |  1.1
Dodging        | |  2.1
Spellcasting   | |  2.0
Translocations | |  2.4

Action                   |  1- 3 |  4- 6 || total
-------------------------+-------+-------++-------
Melee: Hand axe          |    71 |    16 ||    87
       Kick              |    12 |     6 ||    18
       Peck              |     7 |     3 ||    10
       Punch             |     2 |       ||     2
Throw: Boomerang         |    26 |     5 ||    31
  Use: Scroll            |     1 |     3 ||     4
Armor: Leather armour    |    21 |       ||    21
       Ring mail         |       |     4 ||     4
Dodge: Dodged            |    41 |    12 ||    53

Table legend:
 A = Non-vault XP
 B = Vault XP
 C = Vault XP percentage of total XP
 D = Non-vault monster count
 E = Vault monster count
 F = Vault count percentage of total count
                 A         B        C        D         E       F
            +---------+---------+-------+---------+---------+-------
      Total |     167 |      13 |   7.2 |      46 |       7 |  13.2
            +---------+---------+-------+---------+---------+-------
        D:1 |      40 |      13 |  24.5 |      23 |       7 |  23.3
        D:2 |      35 |       0 |   0.0 |      19 |       0 |   0.0
        D:3 |      92 |       0 |   0.0 |       4 |       0 |   0.0
            +---------+---------+-------+---------+---------+-------
